 Dungeon Crawl Stone Soup version 0.27-a0-1065-ge809cff456 (webtiles) character file.

Game seed: 8074621921758090476

165 senseless the Insei (level 5, -2/40 HPs)
             Began as a Draconian Transmuter on Apr 23, 2021.
             Slain by a kobold brigand
             ... wielding a +0 club
              (6 damage)
             ... in a sewer.
             The game lasted 00:11:43 (4252 turns).

senseless the Insei (Draconian Transmuter)          Turns: 4252, Time: 00:11:44

Health: -2/40      AC:  5    Str: 12    XL:     5   Next: 22%
Magic:  18/18      EV: 12    Int: 14    God:
Gold:   128        SH:  0    Dex: 12    Spells: 6/10 levels left

rFire    . . .     SeeInvis .     - Unarmed
rCold    . . .     Faith    .   (no shield)
rNeg     . . .     Spirit   .   (armour unavailable)
rPois    .         Reflect  .   (helmet currently unavailable)
rElec    .         Harm     .   (no cloak)
rCorr    .         Rampage  .   (no gloves)
Will     .....                  (boots currently unavailable)
Stlth    +.........             b - amulet of magic regeneration
HPRegen  0.13/turn              e - ring of magical power
MPRegen  0.41/turn              (no ring)

@: lethally poisoned (-2 -> -6), about to teleport, appendages, very slow
A: horns 2, talons 2, AC +5, unfitting armour, cold-blooded
a: End Transformation


You were in a sewer.
You had temporarily grown beastly horns and talons.
You visited 1 branch of the dungeon, and saw 4 of its levels.
You also visited: Sewer.

You collected 128 gold pieces.

Inventory:

Missiles
 a - a throwing net
 c - 9 atropa-tipped darts
Jewellery
 b - an amulet of magic regeneration (around neck)
 e - a ring of magical power (left hand)
Scrolls
 h - a scroll of torment {unknown}
 i - 3 scrolls of enchant armour
 j - a scroll of teleportation
Potions
 d - a potion of curing {unknown}
 f - 2 potions of degeneration {unknown}
 g - a potion of heal wounds {unknown}


   Skills:
 + Level 1.5 Fighting
 + Level 2.0 Dodging
 + Level 0.4 Stealth
 + Level 4.2 Unarmed Combat
 * Level 3.0 Spellcasting
 + Level 3.2 Transmutations


You had 6 spell levels left.
You knew the following spells:

 Your Spells              Type           Power      Damage    Failure   Level
a - Beastly Appendage     Tmut           22%        N/A       5%          1
b - Spider Form           Tmut/Pois      3%         N/A       32%         3

Your spell library contained the following spells:

 Spells                   Type           Power      Damage    Failure   Level
 Wereblood                Tmut           11%        N/A       9%          2
 Ice Form                 Ice/Tmut       6%         N/A       73%         4
 Hydra Form               Tmut           5%         N/A       83%         5


Dungeon Overview and Level Annotations

Branches:
Dungeon (4/15)              Sewer (1/1)
 Temple: D:4-7

Altars:
Gozag
Zin

Annotations:
D:3 1 runed translucent door, Crazy Yiuf


Innate Abilities, Weirdness & Mutations

You have temporarily grown beastly horns and talons.
Your plain brown scales are hard. (AC +5)
You cannot fit into any form of body armour.
You are cold-blooded and may be slowed by cold attacks.


Message History

The poisoned dart hits you!
You are poisoned.
The kobold brigand throws a poisoned dart.
The poisoned dart hits you!
You are more poisoned.
You feel extremely sick.
The kobold throws a stone.
The stone hits you but does no damage.
You feel very sick.
You feel very sick.
You hit the jackal.
The jackal is heavily wounded.
You feel sick.
Casting: Beastly Appendage (safe; 5% risk of failure)
Confirm with . or Enter, or press ? or * to list all spells.
You grow a pair of large bovine horns.
Your feet morph into talons.
You feel sick. The jackal barely misses you. x2
You hit the jackal.
You kill the jackal!
You feel sick.
You start resting.
You feel sick.
There are monsters nearby!
You are too injured to fight recklessly!
You are too injured to fight recklessly!
You feel sick.
The kobold brigand throws a poisoned dart.
The poisoned dart hits you!
You are more poisoned.
You feel very sick.
The kobold brigand hits you with a +0 club!
* * * LOW HITPOINT WARNING * * *
You barely miss the kobold brigand. Your kick misses the kobold brigand.
* * * LOW HITPOINT WARNING * * *
You feel sick.
The kobold brigand completely misses you.
As you read the scroll of teleportation, it crumbles to dust.
You feel strangely unstable.
* * * LOW HITPOINT WARNING * * *
You feel sick.
The kobold brigand hits you with a +0 club.
You die...

#...≈≈..# #≈.≈≈≈..#
#.≈≈≈≈≈.# #≈≈≈≈≈≈≈#
#≈≈≈≈≈≈.# #≈≈≈≈≈≈.#
#≈≈≈≈≈≈.#
#################K.≈≈K≈≈#
≈≈≈≈≈≈≈≈≈≈≈≈≈≈≈≈@K≈≈≈≈≈≈#
#################..≈≈≈≈.#
##.≈≈≈.## #.≈≈≈.#
#.≈≈≈.### #.≈≈≈..∩#
#.≈≈≈.### #.≈≈≈.# ##≈≈≈##


You could see a kobold brigand and 2 kobolds.

Vanquished Creatures
  4 gnolls
  An adder (D:4)
  2 river rats (Sewer)
  A worm (D:2)
  2 dart slugs
  4 orcs
  6 ball pythons
  7 endoplasms
  3 giant cockroaches
  4 goblins
  7 hobgoblins
  10 jackals
  8 kobolds
  6 quokkas
  4 bats
  3 frilled lizards (D:1)
  7 rats
79 creatures vanquished.

Notes
Turn   | Place    | Note
-------+----------+-------------------------------------------
     0 | D:1      | senseless the Draconian Transmuter began the quest for the
                  | Orb.
     0 | D:1      | Reached XP level 1. HP: 16/16 MP: 3/3
   371 | D:1      | Reached XP level 2. HP: 19/23 MP: 5/5
  1005 | D:1      | Reached XP level 3. HP: 25/28 MP: 6/6
  1066 | D:1      | Found a faded altar of an unknown god.
  2025 | D:1      | Reached skill level 4 in Unarmed Combat
  2025 | D:1      | Reached XP level 4. HP: 26/35 MP: 7/7
  2961 | D:2      | Learned a level 3 spell: Spider Form
  2970 | D:3      | Found an opulent altar of Gozag.
  3352 | D:3      | Found a runed translucent door.
  3353 | D:3      | Noticed Crazy Yiuf
  3836 | D:4      | Found a glowing silver altar of Zin.
  4015 | D:4      | Reached XP level 5. HP: 40/40 MP: 9/9
  4128 | D:4      | Found a glowing drain.
  4133 | Sewer    | Entered a sewer
  4252 | Sewer    | Slain by a kobold brigand

Illustrated notes

Levels and vault maps discovered:
D:1:      mrwooster_arrival_arrow, layout_loops_ring,
          hellmonk_ecumenical_altar_leap_of_faith, minmay_tripent
D:2:      layout_basic
D:3:      layout_rooms, nicolae_gozag_seed_capital, uniq_crazy_yiuf_cottage
D:4:      layout_basic, old_standard_altar, temple_fountains,
          portal_sewer_entry_e
Sewer:    sewer_kobolds

Skill      XL: |  1  2  3  4  5 |
---------------+----------------+-----
Unarmed Combat | 4 |  4.2
Dodging        | 2 |  2.0
Transmutations | 3 |  3.2
Spellcasting   | 3 |  3.0
Fighting       | |  1.5
Stealth        | |  0.4

Action                   |  1- 3 |  4- 6 || total
-------------------------+-------+-------++-------
Melee: Unarmed           |   121 |    85 ||   206
       Kick              |    18 |    15 ||    33
       Headbutt          |    14 |    11 ||    25
       Tailslap          |    10 |    11 ||    21
 Cast: Beastly Appendage |    26 |    26 ||    52
  Use: Scroll            |     1 |     6 ||     7
 Stab: Sleeping          |     1 |       ||     1
Armor: Skin              |    26 |    23 ||    49
Dodge: Dodged            |    67 |    49 ||   116

Table legend: (Time is in decaauts)
 A = Elapsed time spent in this place.
 B = Non-inter-level travel time spent in this place.
 C = Inter-level travel time spent in this place.
 D = Time resting spent in this place.
 E = Time spent auto-exploring this place.
 F = Levels seen in this place.
 G = Mean time per level.
                   A        B        C        D        E       F      G
               +--------+--------+--------+--------+--------+-----+--------+
         Total |   4271 |   4130 |    141 |    147 |   3294 |   5 |  854.2 |
       Dungeon |   4133 |   3992 |    141 |    145 |   3188 |   4 | 1033.2 |
         Sewer |    138 |    138 |      0 |      2 |    106 |   1 |  138.0 |
               +--------+--------+--------+--------+--------+-----+--------+

Top non-repeatable levels by time:
     D:2: 1617 daAuts
     D:1: 1474 daAuts
     D:3: 570 daAuts
     D:4: 470 daAuts
   Sewer: 138 daAuts
